 Dungeon Crawl Stone Soup version 0.28.0-53-g5a82cb258f (webtiles) character file.

Game seed: 16322215539913682509

62 ILmort the Chopper (level 4, -19/41 HPs)
             Began as a Hill Orc Monk on Aug 20, 2022.
             Killed from afar by Ijyb (40 damage)
             ... with a bolt of acid
             ... on level 3 of the Dungeon.
             The game lasted 00:06:36 (3187 turns).

ILmort the Chopper (Hill Orc Monk)                  Turns: 3187, Time: 00:06:37

Health: -19/41     AC:  6    Str: 15    XL:     4   Next: 8%
Magic:  4/4        EV: 11    Int: 10    God:
Gold:   107        SH:  0    Dex: 13    Spells: 3/3 levels left

rFire   . . .      SeeInvis .   a - +0 hand axe
rCold   . . .      Faith    .   (no shield)
rNeg    . . .      Spirit   .   f - +0 ring mail
rPois   .          Reflect  .   (no helmet)
rElec   .          Harm     .   n - +0 cloak
rCorr   .          Rampage  .   (no gloves)
Will    .....                   (no boots)
Stlth   +.........              (no amulet)
HPRegen 0.13/turn               (no ring)
MPRegen 0.09/turn               (no ring)

@: no status effects
A: no striking features
a: no special abilities


You were on level 3 of the Dungeon.
You visited 1 branch of the dungeon, and saw 3 of its levels.

You collected 107 gold pieces.

Inventory:

Hand Weapons
 a - a +0 hand axe (weapon)
Armour
 f - a +0 ring mail (worn)
 n - a +0 cloak (worn)
Scrolls
 i - 2 scrolls of noise
Potions
 c - 3 potions of curing {unknown}
 d - 2 potions of cancellation {unknown}
 h - a potion of brilliance {unknown}
 j - 3 potions of might {unknown}
 k - a potion of heal wounds {unknown}
 l - a potion of haste {unknown}
 m - a potion of attraction {unknown}


   Skills:
 + Level 4.4 Fighting
 * Level 5.8 Axes
 - Level 2.4 Dodging
 - Level 1.5 Stealth


You had 3 spell levels left.
You didn't know any spells.
Your spell library contained the following spells:

 Spells                   Type           Power      Damage    Failure   Level
 Foxfire                  Conj/Fire      0%         2x1d4     58%         1
 Sandblast                Erth           0%         2d4       58%         1
 Scorch                   Fire           0%         2d5       75%         2
 Animate Armour           Summ/Erth      0%         N/A       100%        4
 Flame Wave               Conj/Fire      0%         2d4       100%        4
 Leda's Liquefaction      Hex/Erth       0%         N/A       100%        4
 Olgreb's Toxic Radiance  Pois           0%         N/A       100%        4
 Petrify                  Tmut/Erth      0%         N/A       100%        4
 Sticky Flame             Conj/Fire      0%         2d3       100%        4
 Summon Cactus Giant      Summ           0%         N/A       100%        6
 Ignition                 Fire           0%         3d3       100%        8


Dungeon Overview and Level Annotations

Branches:
Dungeon (3/15)

Altars:
Wu Jian
The Shining One

Annotations:
D:3 1 exclusion, Grinder, Ijyb


Message History

Ijyb barely misses you.
As you read the scroll labelled IGAEKO GORGH, it crumbles to dust.
You feel strangely unstable.
It was a scroll of teleportation.
Grinder blinks!
Ijyb hits you with a +0 club.
* * * LOW HITPOINT WARNING * * *
You hit Grinder but do no damage. You barely miss Ijyb.
Grinder barely misses you. Ijyb barely misses you.
You hit Ijyb but do no damage. You hit Grinder but do no damage.
Your surroundings suddenly seem different.
You start resting.
You are no longer corroded.
You start resting.
A kobold comes into view. It is wielding a +0 short sword.
The kobold shouts!
The kobold throws a stone.
The stone hits you. The kobold completely misses you.
You closely miss the kobold. The kobold closely misses you.
You closely miss the kobold.
The kobold hits you with a +0 short sword.
You closely miss the kobold. The kobold hits you but does no damage.
You closely miss the kobold. The kobold barely misses you.
You hit the kobold.
You kill the kobold!
Things that are here:
a +0 short sword; 5 stones; a kobold corpse You start resting.
Found a robe.
Found 21 stones.
You see here a +0 robe.
Found 26 stones.
Ijyb zaps a wand.
The bolt of acid hits you!!
Ouch! That really hurt!
Ijyb screams, "No!
No, no, no, no!"
You see here a +0 robe.
Ijyb screams, "Me stronger than you!" Ijyb screams, "I no like you!"
Ijyb zaps a wand.
The bolt of acid misses you.
Ijyb zaps a wand.
The bolt of acid hits you!!!
Ouch! That really hurt!
You die...

#.# #.#
#.#
#####.#
#(#
#.....#
#.#####
#.# #.#
#.######
#...g..#
######@#
#.# #.#
#.# #.#
#.# #.#
#.# #.#


You could see Ijyb.

Vanquished Creatures
  An adder (D:2)
  3 dart slugs
  9 bats
  4 endoplasms
  3 giant cockroaches
  5 goblins
  4 hobgoblins
  2 quokkas
  4 ball pythons
  A frilled lizard (D:2)
  2 kobolds (D:3)
  3 rats
41 creatures vanquished.

Notes
Turn   | Place    | Note
-------+----------+-------------------------------------------
     0 | D:1      | ILmort the Hill Orc Monk began the quest for the Orb.
     0 | D:1      | Reached XP level 1. HP: 19/19 MP: 1/1
    42 | D:1      | Reached XP level 2. HP: 5/27 MP: 2/2
   410 | D:1      | Found a faded altar of an unknown god.
   577 | D:1      | Reached skill level 5 in Axes
   591 | D:1      | Reached XP level 3. HP: 9/33 MP: 3/3
  1390 | D:2      | Got the Almanac of Ashen Intoxication
  1709 | D:2      | Got Sif Muna's Compendium of Flamy Earth
  2636 | D:3      | Reached XP level 4. HP: 40/41 MP: 4/4
  2661 | D:3      | Found a glowing golden altar of the Shining One.
  2663 | D:3      | Found an ornate altar of the Wu Jian Council.
  2722 | D:3      | Noticed Ijyb
  2731 | D:3      | Noticed Grinder
  3187 | D:3      | Killed from afar by Ijyb

Illustrated notes

Levels and vault maps discovered:
D:1:      roderic_octagonal_star, layout_rooms, ebering_ecumenical_altar_webs,
          minmay_worlds_worst_comb
D:2:      layout_loops_corners, minmay_misc_feat_square, minmay_tripent
D:3:      layout_basic, minitemple, uniq_grinder, uniq_ijyb

Skill      XL: |  1  2 |
---------------+-------+-----
Fighting       | 4 |  4.4
Axes           | 5 |  5.8
Dodging        | |  2.4
Stealth        | |  1.5

Action                   |  1- 3 |  4- 6 || total
-------------------------+-------+-------++-------
Melee: Hand axe          |   142 |    12 ||   154
       Punch             |     3 |       ||     3
  Use: Scroll            |       |     2 ||     2
Armor: Robe              |    37 |       ||    37
       Ring mail         |    23 |     1 ||    24
Dodge: Dodged            |   114 |     9 ||   123
